 Dungeon Crawl Stone Soup version 0.23.0-3-gf3c87f2 (webtiles) character file.

Game seed: 12055003318088194187

71 Monsterracer the Caller (level 4, -1/25 HPs)
             Began as a Deep Elf Wanderer on Feb 22, 2019.
             Killed from afar by an orc wizard (8 damage)
             ... with a magic dart
             ... on level 3 of the Dungeon.
             The game lasted 00:03:13 (2633 turns).

Monsterracer the Caller (Deep Elf Wanderer)         Turns: 2633, Time: 00:03:14

Health: -1/25      AC:  5    Str: 10    XL:     4   Next: 5%
Magic:  3/8        EV: 11    Int: 17    God:
Gold:   123        SH:  0    Dex: 14    Spells: 2/6 levels left

rFire    . . .     SeeInvis .   m - +0 quarterstaff
rCold    . . .     Gourm    .   (shield currently unavailable)
rNeg     . . .     Faith    .   a - +2 leather armour
rPois    .         Spirit   .   (no helmet)
rElec    .         Reflect  .   (no cloak)
rCorr    .         Harm     .   (no gloves)
MR       .....                  (no boots)
Stlth    ++........             (no amulet)
HPRegen  0.08/turn              (no ring)
MPRegen  0.11/turn              (no ring)

@: slowed, very slow
A: no striking features
a: no special abilities


You were on level 3 of the Dungeon.
You were hungry.

You visited 1 branch of the dungeon, and saw 3 of its levels.

You collected 123 gold pieces.

Inventory:

Hand Weapons
 m - a +0 quarterstaff (weapon)
   (You took it off a goblin on level 2 of the Dungeon)
Armour
 a - a +2 leather armour (worn)
Jewellery
 C - an uncursed ring of protection from cold
   (You took it off a goblin on level 2 of the Dungeon)
Wands
 l - a wand of polymorph (9)
   (You found it on level 2 of the Dungeon)
 n - a wand of paralysis (6)
   (You found it on level 2 of the Dungeon)
Scrolls
 b - 2 scrolls of identify {unknown}
 d - a scroll of noise {unknown}
 g - a scroll of teleportation {unknown}
 i - 3 scrolls of remove curse {unknown}
 p - a scroll of immolation {unknown}
Potions
 e - a potion of curing {unknown}
 f - 2 potions of heal wounds {unknown}
 h - a potion of lignification {unknown}
 j - 2 potions of flight {unknown}
 k - a potion of might {unknown}
 o - a potion of mutation {unknown}
 q - a potion of berserk rage {unknown}
Comestibles
 c - 7 rations


   Skills:
 - Level 1.0 Fighting
   Level 1.0 Short Blades
 - Level 1.2 Dodging
 - Level 2.4 Stealth
 + Level 1.8 Spellcasting
 * Level 2.4 Conjurations
   Level 3.2 Summonings
 * Level 2.4 Fire Magic
   Level 2.1 Poison Magic


You had 2 spell levels left.
You knew the following spells:

 Your Spells              Type           Power        Failure   Level  Hunger
a - Flame Tongue          Conj/Fire      #....        10%         1    #......
c - Stone Arrow           Conj/Erth      #.....       43%         3    ###....

Your spell library contained the following spells:

 Spells                   Type           Power        Failure   Level  Hunger
 Summon Small Mammal      Summ           ##..         7%          1    #......
 Recall                   Summ/Tloc      N/A          38%         3    ###....


Dungeon Overview and Level Annotations

Branches:
Dungeon (3/15)

Altars:
Elyvilon
Gozag
Qazlal


Message History

Unknown command.
Casting: Flame Tongue (safe; 10% risk of failure)
Confirm with . or Enter, or press ? or * to list all spells.
You can't see any susceptible monsters within range! (Use Z to cast anyway.) Unknown command.
Unknown command.
You are feeling very hungry.
Magic restored.
You butcher the bat corpse.
p - a chunk of flesh You see here a bat skeleton. x2
Eating a chunk of flesh.
You eat the chunk of flesh.
This raw flesh tastes terrible.
p - a scroll labeled YLAORU VADE MP restored: 8
Found a chain mail.
Things that are here:
a +0 short sword; a kobold corpse You now have 115 gold pieces (gained 7).
Found 16 stones.
Found an opulent altar of Gozag.
q - a fuming emerald potion
Found a stormy altar of Qazlal.
c - 6 rations (gained 1)
You open the door.
There is an open door here.
Found a stone staircase leading down.
No target in view!
Found a stone staircase leading down.
You now have 123 gold pieces (gained 8).
Found an escape hatch in the floor.
c - 7 rations (gained 1)
You are feeling hungry.
An orc comes into view. It is wielding a +0 dagger.
Found an amethyst potion.
An orc is nearby!
An orc wizard comes into view. It is wielding a +5 dagger.
The orc wizard shouts!
An orc comes into view. It is wielding a +0 hand axe.
You see here a scroll labeled WAS TEANKU.
Casting: Flame Tongue (safe; 10% risk of failure)
Confirm with . or Enter, or press ? or * to list all spells.
Aiming: Flame Tongue (safe; 10% risk of failure)
Press: ? - help, Shift-Dir - straight line, f - orc wizard
Aim: an orc wizard, wielding a +5 dagger and wearing a +0 robe The flame tongue misses the orc wizard.
The orc shouts! x2
The orc wizard gestures at you while chanting.
You feel yourself slow down.
You now have 7/8 mp.
Unknown command.
Casting: Flame Tongue (safe; 10% risk of failure)
Confirm with . or Enter, or press ? or * to list all spells.
Aiming: Flame Tongue (safe; 10% risk of failure)
Press: ? - help, Shift-Dir - straight line, f/p - orc wizard
Aim: an orc wizard, wielding a +5 dagger and wearing a +0 robe The flame tongue hits the orc.
The orc is almost dead.
The orc wizard casts a spell.
The orc wizard blinks!
The orc wizard hits you with a +5 dagger.
You take 5 damage, and have 20/25 hp.
You now have 6/8 mp.
Casting: Flame Tongue (safe; 10% risk of failure)
Confirm with . or Enter, or press ? or * to list all spells.
Aiming: Flame Tongue (safe; 10% risk of failure)
Press: ? - help, Shift-Dir - straight line, f/p - orc wizard
Aim: an orc wizard, wielding a +5 dagger and wearing a +0 robe The flame tongue hits the orc wizard!
The orc wizard is heavily wounded.
The orc barely misses you.
The orc wizard casts a spell.
The orc wizard seems to speed up.
The orc hits you with a +0 hand axe.
You take 2 damage, and have 18/25 hp.
You now have 5/8 mp.
Casting: Flame Tongue (safe; 10% risk of failure)
Confirm with . or Enter, or press ? or * to list all spells.
Aiming: Flame Tongue (safe; 10% risk of failure)
Press: ? - help, Shift-Dir - straight line, f/p - orc wizard
Aim: an orc wizard, wielding a +5 dagger and wearing a +0 robe (heavily wounded, fast)
The flame tongue misses the orc wizard.
The orc wizard hits you with a +5 dagger.
* * * LOW HITPOINT WARNING * * *
The orc wizard hits you with a +5 dagger.
* * * LOW HITPOINT WARNING * * *
The orc hits you with a +0 hand axe.
* * * LOW HITPOINT WARNING * * *
The orc wizard closely misses you.
You take 11 damage, and have 7/25 hp.
MASSIVE DAMAGE!!
You now have 4/8 mp.
Casting: Flame Tongue (safe; 10% risk of failure)
Confirm with . or Enter, or press ? or * to list all spells.
Aiming: Flame Tongue (safe; 10% risk of failure)
Press: ? - help, Shift-Dir - straight line, f/p - orc wizard
Aim: an orc wizard, wielding a +5 dagger and wearing a +0 robe (heavily wounded, fast)
The flame tongue hits the orc wizard.
The orc wizard is almost dead.
The orc wizard points at you and mumbles some strange words.
You feel as though you will be slow longer.
The orc barely misses you. The orc hits you but does no damage.
The orc wizard casts a spell at you. The magic dart hits you!
You die...

#........# .#.#
#........# .#.#
#........+ ...
#........###.#
###.#......>.#
#.#........#########
#.######............
#.# #..##.o..###.
#.# #..?o@o......
#.# #........!...
#.# #.....$......
#......?.....
....##....###.
####.##....# #
#.....### # ## #...
##


You could see an orc wizard and 2 orcs.

Vanquished Creatures
  3 adders (D:2)
  2 worms (D:2)
  3 dart slugs (D:1 D:2)
  A giant cockroach (D:2)
  4 goblins (D:2)
  2 hobgoblins (D:1)
  6 jackals (D:1 D:2)
  2 bats (D:1 D:3)
  4 frilled lizards (D:1 D:2)
  5 kobolds (D:1 D:2 D:3)
  2 rats (D:1 D:2)
34 creatures vanquished.

Notes
Turn   | Place    | Note
-------+----------+-------------------------------------------
     0 | D:1      | Monsterracer the Deep Elf Wanderer began the quest for the
                  | Orb.
     0 | D:1      | Monsterracer set off with the following items: a +2 leather
                  | armour, a ration, a +0 dagger; and the following spells
                  | available to memorise: Summon Small Mammal, Flame Tongue,
                  | Recall, Stone Arrow
     0 | D:1      | Reached XP level 1. HP: 12/12 MP: 3/3
    40 | D:1      | Reached skill level 1 in Spellcasting
    43 | D:1      | Learned a level 1 spell: Flame Tongue
   156 | D:1      | Reached skill level 1 in Fire Magic
   156 | D:1      | Reached XP level 2. HP: 9/16 MP: 0/5
   351 | D:1      | Reached skill level 1 in Conjurations
  1222 | D:2      | HP: 8/16 [kobold/+0 whip (4)]
  1225 | D:2      | Reached XP level 3. HP: 11/20 MP: 0/6
  1230 | D:2      | Learned a level 3 spell: Stone Arrow
  1858 | D:2      | Found a white marble altar of Elyvilon.
  1892 | D:2      | Reached XP level 4. HP: 22/25 MP: 0/8
  2482 | D:3      | Found an opulent altar of Gozag.
  2492 | D:3      | Noticed a water elemental
  2494 | D:3      | Found a stormy altar of Qazlal.
  2496 | D:3      | Noticed a fire elemental
  2497 | D:3      | Noticed an earth elemental
  2497 | D:3      | Noticed an air elemental
  2632 | D:3      | HP: 12/25 [orc wizard/+5 dagger (6)]
  2633 | D:3      | Killed from afar by an orc wizard

Skill      XL: |  1  2  3 |
---------------+----------+-----
Spellcasting   | 1 |  1.8
Fire Magic     | 1 2 |  2.4
Conjurations   | 1 2 |  2.4
Fighting       | |  1.0
Short Blades   | |  1.0
Dodging        | |  1.2
Stealth        | |  2.4
Summonings     | |  3.2
Poison Magic   | |  2.1

Action                   |  1- 3 |  4- 6 || total
-------------------------+-------+-------++-------
Melee: Dagger            |    30 |       ||    30
       Quarterstaff      |     8 |     2 ||    10
 Cast: Flame Tongue      |    57 |     8 ||    65
 Stab: Sleeping          |     1 |       ||     1
  Eat: Chunk             |     5 |     2 ||     7
Armor: Leather armour    |    25 |     1 ||    26
Dodge: Dodged            |    47 |     6 ||    53

Levels and vault maps discovered:
D:1:      minmay_arrival_wavy_path, layout_basic
D:2:      layout_basic, lemuel_doored_altar
D:3:      layout_basic, lemuel_crystal_altar, first_ration,
          nicolae_qazlal_style_of_elements
